| TOP OF THE 1ST |
|
Portland Stag batting - Pitching for Spokane River Rats : LHP Kirk Rueter
|
|
Pitching: LHP Kirk Rueter
|
|
|
Batting: SHB Jose Vizcaino
|
0-0: Ball 1-0: DOUBLE (Line Drive, 9LM, EV 106.9 MPH)
|
|
Batting: LHB Scott Stahoviak
|
0-0: Swinging Strike 0-1: Ball 1-1: Swinging Strike 1-2: Strikes out swinging
|
|
Batting: SHB Bret Barberie
|
0-0: Swinging Strike Passed Ball! Jose Vizcaino to third 0-1: Swinging Strike 0-2: Strikes out looking
|
|
Batting: RHB Wes Chamberlain
|
0-0: Ball 1-0: SINGLE (Flyball, 8LS, EV 93.8 MPH) Jose Vizcaino scores
|
|
Batting: RHB Fernando Tatis
|
0-0: Swinging Strike 0-1: Ball 1-1: Foul Ball, location: 2F 1-2: Ball 2-2: Fly out, F7 (Line Drive, 7, EV 100.0 MPH)
|
| Top of the 1st over - 1 run, 2 hits, 0 errors, 1 left on base; Portland 1 - Spokane 0 |
| BOTTOM OF THE 1ST |
|
Spokane River Rats batting - Pitching for Portland Stag : RHP Ron Blazier
|
|
Pitching: RHP Ron Blazier
|
|
|
Batting: LHB Andy Fox
|
0-0: Called Strike 0-1: Foul Ball, location: 2F 0-2: SINGLE (Line Drive, 7S, EV 107.5 MPH)
|
|
Batting: SHB Gene Kingsale
|
0-0: Ball 1-0: Called Strike 1-1: Ball 2-1: Ball 3-1: 2-RUN HOME RUN (Line Drive, 78XD, EV 103.1 MPH), Distance : 385 ft
|
|
Batting: LHB Michael Tucker
|
0-0: Called Strike 0-1: Ground out 1-3 (Groundball, P, EV 80.0 MPH)
|
|
Batting: LHB John Mabry
|
0-0: Called Strike 0-1: Ball 1-1: Foul Ball, location: 2F 1-2: Foul Ball, location: 2F 1-2: Ground out 2-3 (Groundball, 13S, EV 68.8 MPH)
|
|
Batting: SHB Luis M. Lopez
|
0-0: Foul Ball, location: 2F 0-1: Ground out 1-3 (Groundball, P, EV 82.5 MPH)
|
| Bottom of the 1st over - 2 runs, 2 hits, 0 errors, 0 left on base; Portland 1 - Spokane 2 |
| TOP OF THE 2ND |
|
Portland Stag batting - Pitching for Spokane River Rats : LHP Kirk Rueter
|
|
Batting: RHB Chris Widger
|
0-0: Called Strike 0-1: Ball 1-1: SOLO HOME RUN (Flyball, 89XD, EV 113.8 MPH), Distance : 425 ft
|
|
Batting: RHB Mike Macfarlane
|
0-0: Ball 1-0: Ball 2-0: Called Strike 2-1: Fly out, F7 (Flyball, 7, EV 73.8 MPH)
|
|
Batting: RHB Alex S Gonzalez
|
0-0: Foul Ball, location: 2F 0-1: Called Strike 0-2: Ground out 6-3 (Groundball, 6M, EV 84.4 MPH)
|
|
Batting: LHB Yoshinobu Takahashi
|
0-0: Called Strike 0-1: Ball 1-1: Foul Ball, location: 2F 1-2: Foul Ball, location: 2F 1-2: Ball 2-2: Ground out 1-3 (Groundball, 13, EV 77.5 MPH)
|
| Top of the 2nd over - 1 run, 1 hit, 0 errors, 0 left on base; Portland 2 - Spokane 2 |
| BOTTOM OF THE 2ND |
|
Spokane River Rats batting - Pitching for Portland Stag : RHP Ron Blazier
|
|
Batting: RHB Mark Dalesandro
|
0-0: Called Strike 0-1: Called Strike 0-2: Strikes out swinging
|
|
Batting: SHB Chris Latham
|
0-0: Ball 1-0: Foul Ball, location: 2F 1-1: Foul Ball, location: 2F 1-2: Foul Ball, location: 2F 1-2: Foul Ball, location: 2F 1-2: Ball 2-2: Fly out, F8 (Flyball, 78XD, EV 98.8 MPH)
|
|
Batting: RHB Rico Rossy
|
0-0: Foul Ball, location: 2F 0-1: Ball 1-1: Called Strike 1-2: Ball 2-2: Ball 3-2: Ground out 5-3 (Groundball, 56, EV 108.8 MPH)
|
| Bottom of the 2nd over - 0 runs, 0 hits, 0 errors, 0 left on base; Portland 2 - Spokane 2 |
| TOP OF THE 3RD |
|
Portland Stag batting - Pitching for Spokane River Rats : LHP Kirk Rueter
|
|
Batting: SHB Jose Vizcaino
|
0-0: Foul Ball, location: 2F 0-1: Fly out, F9 (Flyball, 9, EV 97.5 MPH)
|
|
Batting: LHB Scott Stahoviak
|
0-0: Foul Ball, location: 2F 0-1: Foul Ball, location: 2F 0-2: Ball 1-2: Foul Ball, location: 2F 1-2: Ground out 3-1 (Groundball, 34, EV 88.1 MPH)
|
|
Batting: SHB Bret Barberie
|
0-0: Called Strike 0-1: Ball 1-1: Swinging Strike 1-2: Strikes out swinging
|
| Top of the 3rd over - 0 runs, 0 hits, 0 errors, 0 left on base; Portland 2 - Spokane 2 |
| BOTTOM OF THE 3RD |
|
Spokane River Rats batting - Pitching for Portland Stag : RHP Ron Blazier
|
|
Pitching: LHP Pedro Martinez
|
|
|
Batting: LHB Jay Hood
|
0-0: Ball 1-0: Ball 2-0: Ball 3-0: Called Strike 3-1: Called Strike 3-2: Base on Balls
|
|
Batting: LHB Andy Fox
|
0-0: Ball 1-0: Ball 2-0: Called Strike 2-1: Foul Ball, location: 2F 2-2: Ball 3-2: Foul Ball, location: 2F 3-2: Foul Ball, location: 2F 3-2: Foul Ball, location: 2F 3-2: Base on Balls Jay Hood to second
|
|
Batting: SHB Gene Kingsale
|
0-0: Ball 1-0: Ball 2-0: Swinging Strike 2-1: Foul Ball, location: 2F 2-2: Ball 3-2: Strikes out swinging
|
|
Batting: LHB Michael Tucker
|
0-0: Foul Ball, location: 2F 0-1: Ball 1-1: Foul Ball, location: 2F 1-2: Strikes out looking
|
|
Batting: LHB John Mabry
|
0-0: SINGLE (Groundball, 4MD, EV 106.9 MPH) Jay Hood to third Andy Fox to second Runner from 3rd tries for Home, SAFE, no throw by CF
|
|
Batting: SHB Luis M. Lopez
|
0-0: Ball 1-0: Foul Ball, location: 2F 1-1: DOUBLE (Groundball, 5L, EV 96.3 MPH) Andy Fox scores John Mabry to third Runner from 3rd tries for Home, SAFE, no throw by LF
|
|
Batting: RHB Mark Dalesandro
|
0-0: Ball 1-0: Ball 2-0: Ball 3-0: Base on Balls
|
|
Pitching: RHP Brett Tomko
|
|
|
Batting: SHB Chris Latham
|
0-0: 3-RUN HOME RUN (Flyball, 9D, EV 88.1 MPH), Distance : 359 ft
|
|
Batting: RHB Rico Rossy
|
0-0: Swinging Strike 0-1: Foul Ball, location: 2F 0-2: Foul Ball, location: 2F 0-2: Ball 1-2: Ball 2-2: Foul Ball, location: 2F 2-2: Ball 3-2: SINGLE (Line Drive, 89S, EV 93.1 MPH)
|
|
Batting: LHB Jay Hood
|
Pickoff Throw to First - Out! 1-3
|
| Bottom of the 3rd over - 6 runs, 4 hits, 0 errors, 0 left on base; Portland 2 - Spokane 8 |
| TOP OF THE 4TH |
|
Portland Stag batting - Pitching for Spokane River Rats : LHP Kirk Rueter
|
|
Batting: RHB Wes Chamberlain
|
0-0: Ball 1-0: Fly out, F8 (Flyball, 8LXD, EV 102.5 MPH)
|
|
Batting: RHB Fernando Tatis
|
0-0: Ball 1-0: Ground out 6-3 (Groundball, 6D, EV 86.9 MPH)
|
|
Batting: RHB Chris Widger
|
0-0: SINGLE (Groundball, 6D, EV 100.6 MPH)
|
|
Batting: RHB Mike Macfarlane
|
0-0: Called Strike 0-1: Ball 1-1: Foul Ball, location: 2F 1-2: Strikes out swinging
|
| Top of the 4th over - 0 runs, 1 hit, 0 errors, 1 left on base; Portland 2 - Spokane 8 |
| BOTTOM OF THE 4TH |
|
Spokane River Rats batting - Pitching for Portland Stag : RHP Brett Tomko
|
|
Batting: LHB Jay Hood
|
0-0: Called Strike 0-1: Ground out 6-3 (Groundball, 6, EV 101.3 MPH)
|
|
Batting: LHB Andy Fox
|
0-0: Foul Ball, location: 2F 0-1: Ball 1-1: SINGLE (Groundball, 4, EV 98.1 MPH) (infield hit)
|
|
Batting: SHB Gene Kingsale
|
0-0: Called Strike 0-1: Ball 1-1: Foul Ball, location: 2F 1-2: SINGLE (Groundball, 4D, EV 103.1 MPH) Andy Fox to second Runner from 2nd tries for 3rd, SAFE, no throw by CF
|
|
Batting: LHB Michael Tucker
|
0-0: SINGLE (Line Drive, 6M, EV 108.8 MPH) Andy Fox scores Gene Kingsale to second
|
|
Batting: LHB John Mabry
|
0-0: Called Strike 0-1: Ball 1-1: Called Strike 1-2: Strikes out swinging
|
|
Batting: SHB Luis M. Lopez
|
0-0: Called Strike 0-1: Ball 1-1: Ball 2-1: Foul Ball, location: 2F 2-2: Strikes out swinging
|
| Bottom of the 4th over - 1 run, 3 hits, 0 errors, 2 left on base; Portland 2 - Spokane 9 |
| TOP OF THE 5TH |
|
Portland Stag batting - Pitching for Spokane River Rats : LHP Kirk Rueter
|
|
Batting: RHB Alex S Gonzalez
|
0-0: Ball 1-0: Ball 2-0: SINGLE (Groundball, 34D, EV 103.8 MPH)
|
|
Batting: LHB Yoshinobu Takahashi
|
0-0: Called Strike 0-1: Ball 1-1: Ball 2-1: Foul Ball, location: 2F 2-2: Ball 3-2: Fielders Choice at 2nd, 5-4 (Groundball, 56, EV 100.6 MPH)
|
|
Batting: SHB Jose Vizcaino
|
0-0: Ball 1-0: Swinging Strike 1-1: Foul Ball, location: 2F 1-2: SINGLE (Groundball, 4MD, EV 98.8 MPH) Yoshinobu Takahashi to second
|
|
Batting: LHB Scott Stahoviak
|
0-0: Fielders Choice at 2nd, 4-6 (Groundball, 4, EV 90.0 MPH) Yoshinobu Takahashi to third
|
|
Batting: SHB Bret Barberie
|
0-0: Swinging Strike 0-1: Foul Ball, location: 2F 0-2: Ball 1-2: Ball 2-2: SINGLE (Groundball, 15, EV 73.1 MPH) (infield hit) Yoshinobu Takahashi scores Scott Stahoviak to second
|
|
Batting: RHB Wes Chamberlain
|
0-0: Fly out, F4 (Popup, 34S, EV 81.9 MPH)
|
| Top of the 5th over - 1 run, 3 hits, 0 errors, 2 left on base; Portland 3 - Spokane 9 |
| BOTTOM OF THE 5TH |
|
Spokane River Rats batting - Pitching for Portland Stag : RHP Brett Tomko
|
|
Batting: RHB Mark Dalesandro
|
0-0: Called Strike 0-1: Called Strike 0-2: Ball 1-2: Hit by Pitch
|
|
Batting: SHB Chris Latham
|
0-0: Called Strike 0-1: Swinging Strike 0-2: Strikes out looking
|
|
Batting: RHB Rico Rossy
|
0-0: Ball 1-0: Called Strike 1-1: Ball 2-1: Ball 3-1: Base on Balls Mark Dalesandro to second
|
|
Batting: LHB Jay Hood
|
0-0: Called Strike 0-1: Fielders Choice at 2nd, 1-6 (Groundball, 34S, EV 88.1 MPH) Mark Dalesandro to third
|
|
Batting: LHB Andy Fox
|
0-0: Ground out 5-3 (Groundball, 56S, EV 84.4 MPH)
|
| Bottom of the 5th over - 0 runs, 0 hits, 0 errors, 2 left on base; Portland 3 - Spokane 9 |
| TOP OF THE 6TH |
|
Portland Stag batting - Pitching for Spokane River Rats : LHP Kirk Rueter
|
|
Batting: RHB Fernando Tatis
|
0-0: Ball 1-0: Called Strike 1-1: Foul Ball, location: 2F 1-2: Ground out 6-3 (Groundball, 6, EV 80.6 MPH)
|
|
Batting: RHB Chris Widger
|
0-0: Ball 1-0: Called Strike 1-1: Called Strike 1-2: Ball 2-2: Strikes out swinging
|
|
Batting: RHB Mike Macfarlane
|
0-0: Called Strike 0-1: Ground out 5-3 (Groundball, 5, EV 106.3 MPH)
|
| Top of the 6th over - 0 runs, 0 hits, 0 errors, 0 left on base; Portland 3 - Spokane 9 |
| BOTTOM OF THE 6TH |
|
Spokane River Rats batting - Pitching for Portland Stag : RHP Brett Tomko
|
|
Batting: SHB Gene Kingsale
|
0-0: Swinging Strike 0-1: Ball 1-1: Ball 2-1: Foul Ball, location: 9LSF, Error on foul ball, E9 2-2: Strikes out swinging
|
|
Batting: LHB Michael Tucker
|
0-0: Ball 1-0: Ball 2-0: Swinging Strike 2-1: Ball 3-1: Base on Balls
|
|
Batting: LHB John Mabry
|
0-0: Ball 1-0: Ball 2-0: Called Strike 2-1: SINGLE (Groundball, 6D, EV 95.0 MPH) Michael Tucker to second Runner from 2nd tries for 3rd, SAFE, no throw by CF
|
|
Batting: SHB Luis M. Lopez
|
0-0: Foul Ball, location: 2F 0-1: Called Strike 0-2: Strikes out looking
|
|
Batting: RHB Mark Dalesandro
|
0-0: Swinging Strike 0-1: Swinging Strike 0-2: SINGLE (Flyball, 89M, EV 89.4 MPH) Michael Tucker scores John Mabry to second Runner from 2nd tries for 3rd, SAFE, throw by RF made to third Mark Dalesandro to second
|
|
Batting: SHB Chris Latham
|
0-0: Called Strike 0-1: Fly out, F7 (Flyball, 7LMF, EV 100.0 MPH)
|
| Bottom of the 6th over - 1 run, 2 hits, 1 error, 2 left on base; Portland 3 - Spokane 10 |
| TOP OF THE 7TH |
|
Portland Stag batting - Pitching for Spokane River Rats : LHP Kirk Rueter
|
|
Pinch Hitting: RHB Josh Booty
|
0-0: Ball 1-0: Fly out, F6 (Line Drive, 6, EV 65.0 MPH)
|
|
Batting: LHB Yoshinobu Takahashi
|
0-0: Ball 1-0: Called Strike 1-1: Called Strike 1-2: Ball 2-2: Ground out 5-3 (Groundball, 56, EV 78.1 MPH)
|
|
Pinch Hitting: RHB Kevin Morgan
|
0-0: Swinging Strike 0-1: Swinging Strike 0-2: Ball 1-2: Ground out 6-3 (Groundball, 6, EV 94.4 MPH)
|
| Top of the 7th over - 0 runs, 0 hits, 0 errors, 0 left on base; Portland 3 - Spokane 10 |
| BOTTOM OF THE 7TH |
|
Spokane River Rats batting - Pitching for Portland Stag : RHP Brett Tomko
|
|
Now at 2B: Mike Mordecai
|
|
|
Now at 3B: Josh Booty
|
|
|
Batting: RHB Rico Rossy
|
0-0: Ball 1-0: Called Strike 1-1: Fly out, F9 (Line Drive, 9, EV 87.5 MPH)
|
|
Batting: LHB Jay Hood
|
0-0: Fly out, F8 (Flyball, 8LD, EV 101.9 MPH)
|
|
Batting: LHB Andy Fox
|
0-0: Ball 1-0: Fly out, F5 (Popup, 5L, EV 52.5 MPH)
|
| Bottom of the 7th over - 0 runs, 0 hits, 0 errors, 0 left on base; Portland 3 - Spokane 10 |
| TOP OF THE 8TH |
|
Portland Stag batting - Pitching for Spokane River Rats : LHP Kirk Rueter
|
|
Pinch Hitting: LHB Mark P Johnson
|
0-0: Called Strike 0-1: Ball 1-1: DOUBLE (Line Drive, 8LXD, EV 108.8 MPH)
|
|
Batting: SHB Bret Barberie
|
0-0: DOUBLE (Line Drive, 78D, EV 102.5 MPH) Mark P Johnson scores
|
|
Batting: RHB Wes Chamberlain
|
0-0: Ball 1-0: Called Strike 1-1: Ball 2-1: Swinging Strike 2-2: Ball 3-2: Fly out, F8 (Flyball, 89D, EV 93.1 MPH) Runner from 2nd tags up, SAFE at 3rd, no throw by CF
|
|
Batting: RHB Fernando Tatis
|
0-0: Foul Ball, location: 2F 0-1: Foul Ball, location: 2F 0-2: Ball 1-2: Strikes out swinging
|
|
Batting: RHB Chris Widger
|
0-0: Fly out, F9 (Flyball, 9S, EV 90.0 MPH)
|
| Top of the 8th over - 1 run, 2 hits, 0 errors, 1 left on base; Portland 4 - Spokane 10 |
| BOTTOM OF THE 8TH |
|
Spokane River Rats batting - Pitching for Portland Stag : RHP Brett Tomko
|
|
Pitching: RHP Carlos Castillo
|
|
|
Now at 1B: Mark P Johnson
|
|
|
Batting: SHB Gene Kingsale
|
0-0: Called Strike 0-1: Called Strike 0-2: Ball 1-2: Ball 2-2: Foul Ball, location: 2F 2-2: Strikes out swinging
|
|
Batting: LHB Michael Tucker
|
0-0: Ball 1-0: Ball 2-0: Called Strike 2-1: SINGLE (Flyball, 7LS, EV 93.1 MPH)
|
|
Batting: LHB John Mabry
|
0-0: Called Strike 0-1: Fly out, F9 (Flyball, 9S, EV 76.3 MPH)
|
|
Batting: SHB Luis M. Lopez
|
0-0: Ball 1-0: Ball 2-0: SINGLE (Groundball, 56D, EV 96.3 MPH) Michael Tucker to second
|
|
Batting: RHB Mark Dalesandro
|
0-0: Called Strike 0-1: Swinging Strike 0-2: Ground out 1-3 (Groundball, P, EV 74.4 MPH)
|
| Bottom of the 8th over - 0 runs, 2 hits, 0 errors, 2 left on base; Portland 4 - Spokane 10 |
| TOP OF THE 9TH |
|
Portland Stag batting - Pitching for Spokane River Rats : LHP Kirk Rueter
|
|
Batting: RHB Mike Macfarlane
|
0-0: Ball 1-0: Called Strike 1-1: Ball 2-1: Ground out 6-3 (Groundball, 6, EV 87.5 MPH)
|
|
Batting: RHB Josh Booty
|
0-0: Ball 1-0: Foul Ball, location: 2F 1-1: Ball 2-1: Ball 3-1: Swinging Strike 3-2: Foul Ball, location: 2F 3-2: Fly out, F9 (Line Drive, 9, EV 97.5 MPH)
|
|
Batting: LHB Yoshinobu Takahashi
|
0-0: Foul Ball, location: 2F 0-1: Ball 1-1: Swinging Strike 1-2: Fly out, F3 (Popup, 34, EV 75.6 MPH)
|
| Top of the 9th over - 0 runs, 0 hits, 0 errors, 0 left on base; Portland 4 - Spokane 10 |
|